 Dungeon Crawl Stone Soup version 0.25-a0-510-ge065f6de7d (webtiles) character file.

Game seed: 10215137281612097961, levelgen mode: deterministic

177 ReteAZ the Magician (level 5, -3/37 HPs)
             Began as a Gnoll Wanderer on Feb 15, 2020.
             Killed by divine providence
             ... invoked by an orc priest
              (15 damage)
             ... on level 3 of the Dungeon.
             The game lasted 00:04:53 (3939 turns).

ReteAZ the Magician (Gnoll Wanderer)                Turns: 3939, Time: 00:04:53

Health: -3/37      AC:  9    Str: 13    XL:     5   Next: 57%
Magic:  12/12      EV:  9    Int: 18    God:
Gold:   145        SH:  0    Dex: 13    Spells: 14/14 levels left

rFire    . . .     SeeInvis .   a - +0 hand axe
rCold    . . .     Gourm    .   (no shield)
rNeg     . . .     Faith    .   b - +2 scale mail
rPois    .         Spirit   .   (no helmet)
rElec    .         Reflect  .   p - +0 cloak
rCorr    .         Harm     .   (no gloves)
MR       .....                  (no boots)
Stlth    +.........             (no amulet)
HPRegen  0.12/turn              (no ring)
MPRegen  0.13/turn              (no ring)

@: lightly drained
A: distributed training, fangs 1, strong nose
a: no special abilities


You were on level 3 of the Dungeon.
You were not hungry.

You visited 1 branch of the dungeon, and saw 3 of its levels.

You collected 145 gold pieces.

Inventory:

Hand Weapons
 a - a +0 hand axe (weapon)
 o - a +4 quarterstaff of chaos
Missiles
 s - 2 boomerangs (quivered)
Armour
 b - a +2 scale mail (worn)
 k - a +0 plate armour
 l - a +0 helmet
 p - a +0 cloak (worn)
Wands
 c - a wand of random effects (14)
 n - a wand of flame (22)
Scrolls
 e - a scroll of amnesia {unknown}
 i - 2 scrolls of blinking {unknown}
 j - a scroll of enchant weapon {unknown}
 m - a scroll of identify {unknown}
 q - a scroll of remove curse
Potions
 f - a potion of flight {unknown}
 g - a potion of mutation {unknown}
 h - 3 potions of degeneration {unknown}
Comestibles
 d - 5 rations
 r - 3 chunks of flesh


   Skills:
 + Level 1.5(1.4) Fighting
 + Level 1.5(1.4) Short Blades
 + Level 1.5(1.4) Long Blades
 + Level 4.8(4.7) Axes
 + Level 1.5(1.4) Maces & Flails
 + Level 1.5(1.4) Polearms
 + Level 1.5(1.4) Staves
 + Level 1.5(1.4) Slings
 + Level 1.5(1.4) Bows
 + Level 1.5(1.4) Crossbows
 + Level 1.5(1.4) Throwing
 + Level 3.0(2.9) Armour
 + Level 1.5(1.4) Dodging
 + Level 2.8(2.7) Stealth
 + Level 1.5(1.4) Shields
 + Level 1.5(1.4) Unarmed Combat
 + Level 5.2(5.1) Spellcasting
 + Level 1.2(1.1) Conjurations
 + Level 1.2(1.1) Hexes
 + Level 1.2(1.1) Charms
 + Level 1.2(1.1) Summonings
 + Level 1.2(1.1) Necromancy
 + Level 2.4(2.3) Translocations
 + Level 1.2(1.1) Transmutations
 + Level 4.0(3.8) Fire Magic
 + Level 1.2(1.1) Ice Magic
 + Level 1.2(1.1) Air Magic
 + Level 1.2(1.1) Earth Magic
 + Level 1.2(1.1) Poison Magic
 + Level 1.7(1.6) Invocations
 + Level 3.0(2.9) Evocations


You had 14 spell levels left.
You didn't know any spells.
Your spell library was empty.

Dungeon Overview and Level Annotations

Branches:
Dungeon (3/15)

Altars:
Qazlal
Uskayaw


Innate Abilities, Weirdness & Mutations

Your experience applies equally to all skills.
You have very sharp teeth.
Your uncanny sense of smell can sniff out nearby items.


Message History

You hit the orc.
You kill the orc!
You barely miss the orc priest.
The orc priest hits you but does no damage.
You hit the orc priest.
The orc priest is heavily wounded.
The orc priest hits you with a +0 flail.
You hit the orc priest.
The orc priest is heavily wounded.
You hit the orc priest.
The orc priest is almost dead.
The orc priest hits you with a +0 flail.
You barely miss the orc priest.
The orc priest is almost dead.
The orc priest hits you with a +0 flail.
You closely miss the orc priest.
The orc priest is almost dead.
The orc priest calls down the wrath of Beogh upon you.
Beogh smites you!
You die...

### ..# #
#o#
#.#####o# #
...##@#
#.##.##.#
#.......#
#######.####
#.......#
#.#####.#
####.#
#....# #
#.##.#


You could see an orc priest and an orc wizard.

Vanquished Creatures
  Crazy Yiuf (D:2)
  Robin (D:2)
  6 adders
  3 worms
  3 dart slugs (D:1)
  8 orcs
  15 goblins
  9 hobgoblins
  4 kobolds
  2 quokkas (D:3)
  2 ball pythons (D:1)
  3 bats
  A frilled lizard (D:3)
  7 rats
65 creatures vanquished.

Notes
Turn   | Place    | Note
-------+----------+-------------------------------------------
     0 | D:1      | ReteAZ the Gnoll Wanderer began the quest for the Orb.
     0 | D:1      | ReteAZ set off with the following items: a +0 hand axe, a
                  | +2 scale mail, a wand of random effects (15), a ration
     0 | D:1      | Reached XP level 1. HP: 13/13 MP: 6/6
   416 | D:1      | Reached XP level 2. HP: 19/19 MP: 7/7
  1294 | D:2      | Reached skill level 5 in Spellcasting
  1294 | D:2      | Reached XP level 3. HP: 12/25 MP: 7/9
  1310 | D:2      | Found a stormy altar of Qazlal.
  1642 | D:2      | Found a runed translucent door.
  1643 | D:2      | Noticed Crazy Yiuf
  1684 | D:2      | Noticed Robin
  1756 | D:2      | Killed Robin
  1756 | D:2      | Reached skill level 1 in Invocations
  1962 | D:2      | Reached skill level 1 in Fighting
  1962 | D:2      | Reached skill level 1 in Short Blades
  1962 | D:2      | Reached skill level 1 in Long Blades
  1962 | D:2      | Reached skill level 1 in Maces & Flails
  1962 | D:2      | Reached skill level 1 in Polearms
  1962 | D:2      | Reached skill level 1 in Staves
  1962 | D:2      | Reached skill level 1 in Slings
  1962 | D:2      | Reached skill level 1 in Bows
  1962 | D:2      | Reached skill level 1 in Crossbows
  1962 | D:2      | Reached skill level 1 in Throwing
  1962 | D:2      | Reached skill level 1 in Dodging
  1962 | D:2      | Reached skill level 1 in Shields
  1962 | D:2      | Reached skill level 1 in Unarmed Combat
  2045 | D:2      | Reached XP level 4. HP: 27/32 MP: 11/11
  2661 | D:2      | Killed Crazy Yiuf
  2661 | D:2      | Reached skill level 1 in Conjurations
  2661 | D:2      | Reached skill level 1 in Hexes
  2661 | D:2      | Reached skill level 1 in Charms
  2661 | D:2      | Reached skill level 1 in Summonings
  2661 | D:2      | Reached skill level 1 in Necromancy
  2661 | D:2      | Reached skill level 1 in Transmutations
  2661 | D:2      | Reached skill level 1 in Ice Magic
  2661 | D:2      | Reached skill level 1 in Air Magic
  2661 | D:2      | Reached skill level 1 in Earth Magic
  2661 | D:2      | Reached skill level 1 in Poison Magic
  2661 | D:2      | Reached XP level 5. HP: 18/37 MP: 12/12
  3073 | D:3      | Found a hide-covered altar of Uskayaw.
  3939 | D:3      | Killed from afar by an orc priest

Levels and vault maps discovered:
D:1:      eino_arrival_tree_alley, layout_loops_ring, minmay_unequal
D:2:      layout_loops_ring, grunt_qazlal_sundering, first_ration, uniq_robin,
          uniq_crazy_yiuf_cottage
D:3:      layout_loops_cross, overflow_temple_1_default, uniq_sigmund

Skill      XL: |  1  2  3  4  5 |
---------------+----------------+-----
Translocations | 2 |  2.4
Spellcasting   | 5 |  5.2
Invocations    | 1 |  1.7
Fighting       | 1 |  1.5
Short Blades   | 1 |  1.5
Long Blades    | 1 |  1.5
Maces & Flails | 1 |  1.5
Polearms       | 1 |  1.5
Staves         | 1 |  1.5
Slings         | 1 |  1.5
Bows           | 1 |  1.5
Crossbows      | 1 |  1.5
Throwing       | 1 |  1.5
Dodging        | 1 |  1.5
Shields        | 1 |  1.5
Unarmed Combat | 1 |  1.5
Conjurations   | 1 |  1.2
Hexes          | 1 |  1.2
Charms         | 1 |  1.2
Summonings     | 1 |  1.2
Necromancy     | 1 |  1.2
Transmutations | 1 |  1.2
Ice Magic      | 1 |  1.2
Air Magic      | 1 |  1.2
Earth Magic    | 1 |  1.2
Poison Magic   | 1 |  1.2
Armour         | 3 |  3.0
Evocations     | 3 |  3.0
Fire Magic     | 4 |  4.0
Axes           | |  4.8
Stealth        | |  2.8

Action                   |  1- 3 |  4- 6 || total
-------------------------+-------+-------++-------
Melee: Hand axe          |   110 |   176 ||   286
       Bite              |    11 |    12 ||    23
       Punch             |       |     1 ||     1
Evoke: Wand              |     1 |       ||     1
  Use: Scroll            |     2 |       ||     2
  Eat: Chunk             |     4 |     6 ||    10
Armor: Scale mail        |    34 |    74 ||   108
       Plate armour      |     4 |       ||     4
Dodge: Dodged            |    47 |    80 ||   127

Table legend:
 A = Non-vault XP
 B = Vault XP
 C = Vault XP percentage of total XP
 D = Non-vault monster count
 E = Vault monster count
 F = Vault count percentage of total count
                 A         B        C        D         E       F
            +---------+---------+-------+---------+---------+-------
      Total |     175 |      78 |  30.8 |      51 |      14 |  21.5
            +---------+---------+-------+---------+---------+-------
        D:1 |      24 |       5 |  17.2 |      12 |       2 |  14.3
        D:2 |      74 |      73 |  49.7 |      18 |      12 |  40.0
        D:3 |      77 |       0 |   0.0 |      21 |       0 |   0.0
            +---------+---------+-------+---------+---------+-------
